 Dungeon Crawl Stone Soup version 0.26-a0-519-gb2f46efeda (webtiles) character file.

Game seed: 9554135414560007741

11091 BeastOfSaturn the Cleaver (level 11, -6/77 HPs)
             Began as a Demonspawn Venom Mage on Aug 11, 2020.
             Was a Priest of Ashenzari.
             Mangled by an orc knight
             ... wielding a +3 great mace
              (23 damage)
             ... on level 10 of the Dungeon.
             The game lasted 00:38:40 (15039 turns).

BeastOfSaturn the Cleaver (Demonspawn Venom Mage)  Turns: 15039, Time: 00:38:40

Health: -6/77      AC: 11    Str: 18    XL:     11   Next: 44%
Magic:  0/20       EV: 12    Int: 17    God:    Ashenzari [***...]
Gold:   920        SH:  0    Dex: 13    Spells: 6/22 levels left

rFire    . . .     SeeInvis +   o - +4 battleaxe (curse)
rCold    . . .     Faith    .   (shield currently unavailable)
rNeg     + . .     Spirit   +   N - +0 acid dragon scales
rPois    .         Reflect  .   (helmet unavailable)
rElec    .         Harm     .   g - +2 cloak (curse)
rCorr    +                      j - +0 pair of gloves
MR       .....                  (no boots)
Stlth    +.........             d - amulet of guardian spirit (curse)
HPRegen  0.22/turn              l - +6 ring of strength
MPRegen  0.17/turn              u - ring of positive energy

@: confused, studying Conjurations
A: antennae 3, large bone plates 2, demonic guardian 2
a: Curse Item, Scrying, Renounce Religion


You were on level 10 of the Dungeon.
You worshipped Ashenzari.
Ashenzari was most pleased with you.
You visited 2 branches of the dungeon, and saw 11 of its levels.

You collected 920 gold pieces.

Inventory:

Hand Weapons
 h - a +0 great sword
 o - a cursed +4 battleaxe (weapon)
 G - the cursed +0 war axe "Dragon's Tongue" {vorpal, rF++}
   (You found it on level 8 of the Dungeon)

   It inflicts extra damage upon your enemies.
   It greatly protects you from fire.
   It has a curse placed upon it.
Armour
 a - a +0 robe
 g - a cursed +2 cloak (worn)
 j - a +0 pair of gloves (worn)
 p - a +0 leather armour
 x - a +2 plate armour of fire resistance
 N - +0 acid dragon scales (worn)
Jewellery
 d - a cursed amulet of guardian spirit (around neck)
 l - a +6 ring of strength (left hand)
 n - an uncursed ring of protection from cold
 u - a ring of positive energy (right hand)
 D - an uncursed amulet of faith
 H - an uncursed ring of resist corrosion
 P - an uncursed ring of wizardry
Wands
 s - a wand of flame (16)
 C - a wand of disintegration (9)
 E - a wand of iceblast (8)
 J - a wand of acid (8)
Scrolls
 f - 4 scrolls of enchant weapon
 i - 7 scrolls of identify
 k - 4 scrolls of teleportation
 v - 2 scrolls of vulnerability {unknown}
 w - a scroll of enchant armour {unknown}
 y - a scroll of magic mapping {unknown}
 A - a scroll of acquirement {unknown}
 B - a scroll of amnesia {unknown}
 I - 2 scrolls of random uselessness {unknown}
 K - 2 scrolls of blinking {unknown}
 M - a scroll of silence {unknown}
 O - 3 scrolls of remove curse
Potions
 b - 3 potions of ambrosia
 c - 3 potions of curing
 e - a potion of brilliance {unknown}
 m - 3 potions of degeneration {unknown}
 q - a potion of mutation {unknown}
 r - 2 potions of might
 t - 2 potions of lignification {unknown}
 z - 5 potions of heal wounds {unknown}
 L - a potion of haste {unknown}
Books
 F - a manual of Conjurations


   Skills:
 * Level 4.1 Fighting
 - Level 2.8 Long Blades
 * Level 12.5(15.9) Axes
 * Level 3.5 Armour
 - Level 2.0 Dodging
 - Level 1.7 Stealth
 - Level 6.0 Spellcasting
 * Level 4.6 Conjurations
 - Level 1.0 Transmutations
 - Level 0.6 Air Magic
 - Level 6.8 Poison Magic


You had 6 spell levels left.
You knew the following spells:

 Your Spells              Type           Power        Failure   Level
a - Sting                 Tmut/Pois      ###.         3%          1
b - Poisonous Vapours     Pois/Air       ###...       5%          2
c - Olgreb's Toxic Radia  Pois           ####....     10%         4
d - Mephitic Cloud        Conj/Pois/Air  ###.....     10%         3
e - Freezing Cloud        Conj/Ice/Air   ##........   100%        6

Your spell library contained the following spells:

 Spells                   Type           Power        Failure   Level
 Corona                   Hex            #......      17%         1
 Ignite Poison            Fire/Tmut/Pois ##......     17%         3
 Conjure Flame            Conj/Fire      ##......     21%         3
 Dazzling Flash           Conj/Hex       ##....       21%         3
 Ensorcelled Hibernation  Hex/Ice        #.....       26%         2
 Confusing Touch          Hex            #.......     45%         3
 Tukima's Dance           Hex            #.......     45%         3


Dungeon Overview and Level Annotations

Branches:
Dungeon (10/15)            Temple (0/1) D:7             Orc (1/2) D:10
   Lair: D:8-11

Altars:
Ashenzari
Makhleb
Nemelex Xobeh
Qazlal
Trog
Uskayaw
Vehumet
Wu Jian
Xom
Yredelemnul
Zin
The Shining One
Beogh

Annotations:
D:5 2 transporters


Innate Abilities, Weirdness & Mutations

You have a pair of large antennae on your head. (SInv)
You are mostly covered in large bone plates. (SH +6)
A demonic guardian rushes to your aid.


Message History

You begin to radiate toxic energy.
The orc warrior is poisoned.
The orc knight looks even sicker.
The orc knight looks as sick as possible!
Your soul eater barely misses the orc knight.
The orc knight hits you with a +2 great mace of protection!!
* * * LOW HITPOINT WARNING * * *
The orc knight looks even sicker.
The orc knight looks as sick as possible!
Your toxic aura wanes.
Your soul eater misses the orc knight.
You block the orc knight's attack. The orc knight closely misses you.
You climb upwards.
Welcome back to the Dungeon!
Your summoned ally is left behind.
There is a staircase to the Orcish Mines here.
Okay, then.
Okay, then.
You are confused.
You feel invigorated.
The orc knight hits you with a +3 great mace!!
You die...

#..........# #.# #.##.###...
##..........## #.# ###).# #...
.............# #.# ###)# #...
...#########.# #.# ##...# #...
...##..###...# #.# #...## #...
..##....#....# #.# ####...# #...
###.....#....#######......# #...
.....#..(....##...#8......## #...
.....#.)#....##.@.'........###...
##..##.(#...(##.oo#8.............
.##.#...##...#######.......###...
...(.....###.# #.# ####....# #...
..#.##....##.###.# ##...#####+
.##..###...#..##.# #....##....
.#.........#..)..# ##..###....
.#........##).##)# #######....
....###.####..##)# #.###.'...)


You could see 2 orc knights.

Vanquished Creatures
  2 unseen horrors (D:10)
  2 cyclopes (D:10)
  Joseph (D:8)
  A gargoyle (D:10)
  2 hippogriffs
  Sigmund (D:3)
  A wraith (D:8)
  A wyvern (D:8)
  6 ice beasts
  3 sky beasts
  6 orc warriors
  A black bear (D:9)
  A phantom (D:8)
  2 wolves (D:8)
  4 ogres
  An eye of draining (D:8)
  7 centaurs
  2 big kobolds
  9 bullfrogs
  A water moccasin zombie (D:8)
  A water moccasin skeleton (D:7)
  5 scorpions
  6 killer bees (D:7)
  6 wights
  2 howler monkeys
  An electric eel (D:7)
  A lava snake (D:8)
  A bullfrog zombie (D:4)
  A crimson imp (D:9)
  7 hounds
  8 orc priests
  A jelly (D:9)
  2 centaur skeletons
  4 bullfrog skeletons
  An iguana (D:5)
  Natasha (thrice) (D:3)
  6 orc wizards
  6 worker ants
  A hound zombie (D:10)
  A hound skeleton (D:7)
  A howler monkey zombie (D:6)
  A worker ant zombie (D:6)
  8 adders
  4 gnolls (D:5)
  2 river rats (D:5)
  A shadow imp (D:7)
  5 white imps
  2 ufetubi
  A worm zombie (D:5)
  A worm (D:2)
  2 dart slugs (D:1)
  2 leopard geckos
  71 orcs
  2 ball pythons
  6 giant cockroaches
  8 goblins
  7 hobgoblins
  10 jackals
  2 quokkas
  9 bats
  2 frilled lizards (D:3)
  15 kobolds
  A kobold zombie (D:5)
  2 leopard gecko skeletons
  A leopard gecko zombie (D:5)
  A quokka skeleton (D:6)
  12 rats
  A spectral orc (D:8)
298 creatures vanquished.

Vanquished Creatures (collateral kills)
  A cyclops (Orc:1)
  A gargoyle (D:8)
  A kobold demonologist (D:8)
  A troll (D:8)
  Prince Ribbit (D:8)
  A slime creature (D:8)
  A vampire (D:8)
  Grum (D:8)
  An acid dragon (D:10)
  A soldier ant (D:8)
  2 orc warriors
  A phantom (D:8)
  A wolf (D:8)
  2 ogres
  A centaur (D:6)
  2 bullfrogs
  A howler monkey (D:6)
  2 orc wizards (D:7)
  2 orc priests
  A bullfrog skeleton (D:7)
  A hound skeleton (D:8)
  A worker ant zombie (D:10)
  A leopard gecko (D:10)
  2 orcs
  A hobgoblin (D:3)
  A ball python (D:3)
  A jackal zombie (D:8)
33 creatures vanquished.

Grand Total: 331 creatures vanquished

Notes
Turn   | Place    | Note
-------+----------+-------------------------------------------
     0 | D:1      | BeastOfSaturn the Demonspawn Venom Mage began the quest for
                  | the Orb.
     0 | D:1      | Reached XP level 1. HP: 13/13 MP: 3/3
   231 | D:1      | Reached skill level 1 in Transmutations
   509 | D:1      | Gained mutation: You have a pair of small antennae on your
                  | head. [demonic ancestry]
   509 | D:1      | Reached XP level 2. HP: 19/19 MP: 3/5
   706 | D:1      | Learned a level 2 spell: Poisonous Vapours
  1199 | D:1      | Gained mutation: You are partially covered in large bone
                  | plates. (SH +4) [demonic ancestry]
  1199 | D:1      | Reached XP level 3. HP: 22/24 MP: 1/6
  1870 | D:2      | Found a sparkling altar of Nemelex Xobeh.
  2595 | D:2      | Reached XP level 4. HP: 29/30 MP: 0/8
  2706 | D:2      | Found a stormy altar of Qazlal.
  2936 | D:3      | Noticed Sigmund
  2954 | D:3      | Killed Sigmund
  2954 | D:3      | Gained mutation: A weak demonic guardian rushes to your
                  | aid. [demonic ancestry]
  2954 | D:3      | Reached XP level 5. HP: 35/35 MP: 0/10
  2981 | D:3      | Learned a level 4 spell: Olgreb's Toxic Radiance
  2985 | D:3      | Learned a level 3 spell: Mephitic Cloud
  3088 | D:3      | Noticed Natasha
  3096 | D:3      | Killed Natasha
  3096 | D:3      | Reached XP level 6. HP: 41/41 MP: 4/11
  3177 | D:3      | Found a glowing golden altar of the Shining One.
  3246 | D:3      | Found a hide-covered altar of Uskayaw.
  3271 | D:3      | Noticed Natasha
  3276 | D:3      | Killed Natasha
  3314 | D:3      | Found an ornate altar of the Wu Jian Council.
  3391 | D:3      | Noticed Natasha
  3393 | D:3      | Killed Natasha
  3885 | D:4      | Found a shattered altar of Ashenzari.
  3904 | D:4      | Became a worshipper of Ashenzari the Shackled
  4124 | D:4      | Found a glowing silver altar of Zin.
  4194 | D:4      | Reached skill level 5 in Poison Magic
  4497 | D:5      | Entered Level 5 of the Dungeon
  4687 | D:5      | Reached skill level 1 in Axes
  4850 | D:5      | Gained mutation: You have a pair of antennae on your head.
                  | [demonic ancestry]
  4850 | D:5      | Reached XP level 7. HP: 41/46 MP: 13/13
  4877 | D:5      | Reached skill level 2 in Axes
  4931 | D:5      | Found a transporter.
  4958 | D:5      | Found a transporter.
  4976 | D:5      | Reached skill level 3 in Axes
  4998 | D:5      | Found a shattered altar of Ashenzari.
  5608 | D:5      | Reached skill level 4 in Axes
  5784 | D:5      | Reached * piety under Ashenzari
  6009 | D:6      | Gained mutation: You have a pair of large antennae on your
                  | head. (SInv) [demonic ancestry]
  6009 | D:6      | Reached XP level 8. HP: 19/52 MP: 4/14
  6207 | D:6      | Reached skill level 5 in Axes
  6739 | D:5      | Reached skill level 6 in Axes
  7469 | D:7      | Reached skill level 7 in Axes
  7893 | D:7      | Reached ** piety under Ashenzari
  7914 | D:7      | Reached skill level 5 in Spellcasting
  7914 | D:7      | Gained mutation: A demonic guardian rushes to your aid.
                  | [demonic ancestry]
  7914 | D:7      | Reached XP level 9. HP: 37/57 MP: 4/16
  7922 | D:7      | Reached skill level 8 in Axes
  9170 | D:7      | Found a staircase to the Ecumenical Temple.
  9580 | D:8      | Found a basalt altar of Yredelemnul.
  9619 | D:8      | Noticed Joseph
  9628 | D:8      | Killed Joseph
  9628 | D:8      | Reached skill level 9 in Axes
 10267 | D:8      | Noticed Prince Ribbit
 10278 | D:8      | Killed Prince Ribbit
 10278 | D:8      | Reached skill level 10 in Axes
 10587 | D:8      | Reached XP level 10. HP: 61/63 MP: 13/18
 10590 | D:8      | Identified the cursed +0 war axe "Dragon's Tongue" {vorpal,
                  | rF++}
 10617 | D:8      | HP: 1/63 [vampire/vampiric draining (11)]
 11192 | D:8      | Noticed a gargoyle
 11198 | D:8      | Killed a gargoyle
 11364 | D:8      | Noticed Grum
 11365 | D:8      | Found a radiant altar of Vehumet.
 11369 | D:8      | Reached skill level 11 in Axes
 11369 | D:8      | Reached skill level 1 in Conjurations
 11376 | D:8      | Killed Grum
 11376 | D:8      | Reached skill level 1 in Armour
 11379 | D:8      | Reached skill level 1 in Fighting
 12138 | D:9      | Found a bloodstained altar of Trog.
 12279 | D:9      | Reached *** piety under Ashenzari
 12652 | D:9      | Found a burning altar of Makhleb.
 12653 | D:9      | Found a shimmering altar of Xom.
 12725 | D:10     | Entered Level 10 of the Dungeon
 12799 | D:10     | Noticed a cyclops
 12803 | D:10     | Noticed a cyclops
 12810 | D:10     | Killed a cyclops
 12826 | D:10     | Killed a cyclops
 13029 | D:10     | Noticed a gargoyle
 13036 | D:10     | Killed a gargoyle
 13036 | D:10     | Gained mutation: You are mostly covered in large bone
                  | plates. (SH +6) [demonic ancestry]
 13036 | D:10     | Reached XP level 11. HP: 63/74 MP: 17/20
 13059 | D:10     | Noticed an unseen horror
 13089 | D:10     | Killed an unseen horror
 13215 | D:10     | Reached skill level 12 in Axes
 13325 | D:10     | Noticed an unseen horror
 13334 | D:10     | Killed an unseen horror
 13524 | D:10     | Found a staircase to the Orcish Mines.
 13823 | D:10     | Found a roughly hewn altar of Beogh.
 14233 | D:10     | Learned a level 6 spell: Freezing Cloud
 14338 | Orc:1    | Entered Level 1 of the Orcish Mines
 14798 | Orc:1    | Noticed an orc knight
 14798 | Orc:1    | Noticed an orc knight
 14798 | Orc:1    | Noticed an orc knight
 14800 | Orc:1    | Noticed an orc knight
 15039 | D:10     | Mangled by an orc knight

Illustrated notes

Levels and vault maps discovered:
D:1:      matt_arrival_los_fun, layout_basic, minmay_pentomino_z2
D:2:      layout_loops_corners, grunt_qazlal_sundering,
          nemelex_xobeh_ov_fountains_minmay
D:3:      layout_basic, lemuel_crystal_altar, old_standard_altar,
          nicolae_overflow_crystal_walls, hangedman_decor_points, uniq_natasha,
          uniq_sigmund
D:4:      layout_cave_pools, zin_academy, old_standard_altar
D:5:      gammafunk_steamed_eel, layout_rooms, enter_ossuary_3,
          portal_sewer_entry_e, evilmike_ruin_ashenzari
D:6:      layout_basic
D:7:      layout_loops_corners, minmay_temple_entry_tees, water_boxes_lemuel
D:8:      minmay_the_grid_octo_tiled_squarecenter [minmay_the_grid_octo_chip,
          minmay_the_grid_octo_fat_diamond, minmay_the_grid_octo_fan_narrow,
          minmay_the_grid_octo_empty, minmay_the_grid_square_5x5_megaprize_open,
          minmay_the_grid_square_5x5_inner_i, minmay_the_grid_square_5x5_z,
          minmay_the_grid_square_5x5_three_small,
          minmay_the_grid_square_5x5_longway], layout_loops_ring,
          lemuel_crystal_altar, yredelemnul_forgotten_temple_becter,
          kennysheep_generic_room_6, uniq_grum, uniq_joseph, uniq_prince_ribbit1
D:9:      layout_roguey, grunt_temple_overflow_champion_of_chaos,
          david_defended_altar_orc
D:10:     minmay_curly_fans, layout_long_grid, hiddenorc1_lemuel, special_room
          [special_room_orc], kennysheep_generic_room_5
Orc:1:    layout_caves, special_room [special_room_orc], uniq_erica

Skill      XL: |  1  2  3  4  5  6  7  8  9 10 11 |
---------------+----------------------------------+-----
Transmutations | 1 |  1.0
Dodging        | 2 |  2.0
Poison Magic   | 4 5 6 |  6.8
Long Blades    | 2 |  2.8
Spellcasting   | 3 4 5 6 |  6.0
Axes           | 1 4 7 10 11 12 | 12.5
Conjurations   | 3 4 |  4.6
Armour         | 2 3 |  3.5
Fighting       | 2 4 |  4.1
Stealth        | |  1.7
Air Magic      | |  0.6

Action                   |  1- 3 |  4- 6 |  7- 9 | 10-12 || total
-------------------------+-------+-------+-------+-------++-------
Melee: Unarmed           |    50 |       |       |       ||    50
       Great sword       |    21 |    46 |       |       ||    67
       Battleaxe         |       |    41 |   380 |   270 ||   691
 Cast: Sting             |    23 |     1 |       |       ||    24
       Poisonous Vapours |    28 |    12 |     4 |       ||    44
       Olgreb's Toxic Ra |       |     2 |     8 |    12 ||    22
       Mephitic Cloud    |       |       |     1 |       ||     1
Invok: Curse Item        |       |     1 |     1 |     1 ||     3
  Use: Scroll            |       |     7 |     3 |       ||    10
       Potion            |       |       |       |     4 ||     4
 Stab: Sleeping          |       |     5 |     1 |     3 ||     9
       Distracted        |       |       |     2 |     1 ||     3
       Confused          |       |       |     1 |       ||     1
Armor: Robe              |    18 |    38 |       |       ||    56
       Leather armour    |       |    12 |   127 |    29 ||   168
       Acid dragon scale |       |       |       |    44 ||    44
Dodge: Dodged            |    52 |    81 |   240 |   124 ||   497
Block: Other             |     4 |    36 |    72 |    49 ||   161
       Rpst.: Great sword |     5 |    13 |       |       ||    18

Table legend: (Time is in decaauts)
 A = Elapsed time spent in this place.
 B = Non-inter-level travel time spent in this place.
 C = Inter-level travel time spent in this place.
 D = Time resting spent in this place.
 E = Time spent auto-exploring this place.
 F = Levels seen in this place.
 G = Mean time per level.
                   A        B        C        D        E       F      G
               +--------+--------+--------+--------+--------+-----+--------+
         Total |  15225 |  14874 |    351 |   2030 |  10340 |  11 | 1384.1 |
       Dungeon |  14739 |  14388 |    351 |   1711 |  10340 |  10 | 1473.9 |
  Orcish Mines |    486 |    486 |      0 |    319 |      0 |   1 |  486.0 |
               +--------+--------+--------+--------+--------+-----+--------+

Top non-repeatable levels by time:
     D:8: 2466 daAuts
     D:7: 2166 daAuts
    D:10: 1814 daAuts
     D:5: 1724 daAuts
     D:1: 1535 daAuts
     D:2: 1411 daAuts
     D:6: 1315 daAuts
     D:3: 849 daAuts
     D:4: 751 daAuts
     D:9: 704 daAuts
   Orc:1: 486 daAuts
